[Event "Early-Titled-Tuesday-Blitz-April-02-2024"]
[Site "Chess.com"]
[Date "2024.04.02"]
[Round "4"]
[White "AlphaGoosee"]
[Black "KVAIDAN"]
[Result "1-0"]
[WhiteElo "2527"]
[BlackElo "2324"]
[TimeControl "180+1"]
[EndTime "8:39:39 PDT"]
[Termination "AlphaGoosee won by checkmate"]

1. e4 e5 2. Nf3 d5 3. exd5 e4 4. Qe2 Nf6 5. Nc3 Be7 6. Nd4 O-O 7. d3 Bb4 8. Bd2 Bxc3 9. Bxc3 Nxd5 10. O-O-O Nxc3 11. bxc3 c5 12. Nb3 exd3 13. Rxd3 Qb6 14. Rg3 Be6 15. h4 Nd7 16. h5 h6 17. Qe3 Kh8 18.
Rh4 Rae8 19. Re4 Nf6 20. Re5 Nd5 21. Qxc5 Qd8 22. Qd4 Qf6 23. Rf3 Qd8 24. Bc4 Nc7 25. Bd3 Bxb3 26. Qxd8 Rxd8 27. axb3 f6 28. Re7 Nd5 29.
Rxb7 a5 30. Bb5 Rb8 31. Rxb8 Rxb8 32. Bc6 Ne7 33. Ba4 Rc8 34. c4 Rc5 35. Be8 Kg8 36.
Rd3 Kf8 37. Bg6 Rc8 38. Rd7 Nc6 39. Rf7+ Kg8 40. Rb7 Ne5 41. Kb2 a4 42. f4 Ng4 43.
bxa4 Ne3 44. c5 Kf8 45. Rb5 Nc4+ 46. Kb3 Nd2+ 47. Kb4 Ne4 48. a5 Ng3 49. a6 Ne2 50. a7 Nd4 51. Rb8 Ke7 52. Rxc8 Nc6+ 53. Rxc6 Kd7 54.
Rb6 f5 55. a8=Q Kc7 56. Qa7+ Kd8 57. Rb8# 1-0

[Event "Early-Titled-Tuesday-Blitz-April-02-2024"]
[Site "Chess.com"]
[Date "2024.04.02"]
[Round "4"]
[White "MyDream003"]
[Black "Beca95"]
[Result "1-0"]
[WhiteElo "2827"]
[BlackElo "2941"]
[TimeControl "180+1"]
[EndTime "8:39:40 PDT"]
[Termination "MyDream003 won by resignation"]

1. e4 c5 2. Nf3 d6 3. d4 cxd4 4.
Nxd4 Nf6 5. Nc3 a6 6. f3 e5 7. Nb3 Be6 8. Be3 Be7 9. Qd2 h5 10. Be2 Nbd7 11. Nd5 Bxd5 12. exd5 Qc7 13. c4 a5 14. Rc1 a4 15. Na1 Qa5 16. Qxa5 Rxa5 17. Nc2 h4 18. Na3 Nc5 19. Nb5 b6 20. Kd2 Nh5 21.
Rhd1 f5 22. Kc2 Kd7 23. Bf1 g5 24. Bd2 Raa8 25. Bc3 Bf6 26. Re1 Rhe8 27. Rcd1 Nf4 28. g3 hxg3 29. hxg3 Nh5 30. g4 fxg4 31. fxg4 Nf4 32.
Bd2 Rh8 33. Nc3 Rh2 34. Kb1 a3 35. b4 Na4 36. Ne4 Be7 37. Bc1 b5 38. c5 dxc5 39.
Bxb5+ Kd8 40. d6 Bf8 41. Rh1 Rxh1 42. Rxh1 Rb8 43. Bxa4 Rxb4+ 44. Bb3 Rxe4 45. Rh8 Kd7 46. Rxf8 Re1 47. Kc2 Kxd6 48. Bxa3 Re2+ 49. Kd1 Rg2 50.
Rd8+ Kc7 51. Re8 Kd6 52. Rd8+ Kc7 53. Rg8 e4 54. Bxc5 Kc6 55. Be3 Rg3 56. Kd2 Rg2+ 57.
Kc3 Rxg4 58. Bxf4 Rxf4 59. Rxg5 e3 60. Kd3 e2 61. Kxe2 Rf5 62. Rxf5 1-0

[Event "Early-Titled-Tuesday-Blitz-April-02-2024"]
[Site "Chess.com"]
[Date "2024.04.02"]
[Round "4"]
[White "ilqar_74"]
[Black "SahibSinghKnight"]
[Result "1-0"]
[WhiteElo "2808"]
[BlackElo "2592"]
[TimeControl "180+1"]
[EndTime "8:39:41 PDT"]
[Termination "ilqar_74 won by resignation"]

1. e4 e6 2. d4 d5 3. Nc3 Nf6 4. e5 Nfd7 5. f4 c5 6. Nf3 Nc6 7. Be3 Be7 8. Be2 b6 9. O-O O-O 10. Nb1 f6 11. c3 a5 12. Nbd2 a4 13. a3 Ba6 14. Bxa6 Rxa6 15. Qe2 c4 16. g4 fxe5 17. Nxe5 Ndxe5 18. fxe5 Bg5 19. Rxf8+ Kxf8 20. Rf1+ Kg8 21. Bxg5 Qxg5 22. Qf3 Qe7 23. Nxc4 Nxd4 24. cxd4 dxc4 25. Qc6 Qd8 26. Qxe6+ Kh8 27. d5 h5 28. d6 b5 29. Qf5 Qb6+ 30. Qf2 Qc6 31. Qf8+ Kh7 32. Qf5+ Kg8 33. gxh5 Qc5+ 34. Rf2 Qd4 35. Qf4 Qd1+ 36.
Kg2 Qd5+ 37. Rf3 Ra7 38. Qf8+ Kh7 39. Qf5+ Kg8 40. h4 Rf7 41. Qc8+ Kh7 42. Qg4 Rxf3 43.
Qxf3 Qxe5 44. d7 Qxb2+ 45. Kh3 Qd4 46. Qf5+ Kg8 47. Qe6+ Kh7 48. Qg6+ Kg8 49. Qe8+ Kh7 50. d8=Q Qc3+ 51. Kg4 1-0

[Event "Early-Titled-Tuesday-Blitz-April-02-2024"]
[Site "Chess.com"]
[Date "2024.04.02"]
[Round "4"]
[White "ritanovikova"]
[Black "viktorgen2021"]
[Result "0-1"]
[WhiteElo "2133"]
[BlackElo "2488"]
[TimeControl "180+1"]
[EndTime "8:39:41 PDT"]
[Termination "viktorgen2021 won on time"]

1. e4 g6 2. d4 Bg7 3. Be3 d6 4. Nf3 c6 5. Be2 Nd7 6. O-O Ngf6 7. h3 Nxe4 8. c4 O-O 9. Nc3 Nxc3 10. bxc3 Qa5 11.
Qd2 Nf6 12. Bd3 Bf5 13. Bxf5 Qxf5 14. Nh4 Qa5 15. Qd3 e5 16. c5 exd4 17. cxd4 dxc5 18.
dxc5 Rad8 19. Qb3 Rd7 20. Rad1 Nd5 21. Nf3 Re8 22. Rd3 Rde7 23. Bg5 f6 24. Bd2 Qc7 25. Bc3 h6 26. Bb2 Kh7 27. Bd4 Nf4 28. Rd2 Re2 29.
Rxe2 Nxe2+ 30. Kh1 Re7 31. Be3 Nf4 32. Qa4 Nd5 33.
Bd4 a6 34. Qc2 Qf4 35. Qd3 Qe4 36. Qd1 Qf5 37. Re1 Qd7 38. Rxe7 Qxe7 39. Qc2 f5 40. Bxg7 Qxg7 41. Qd2 Qe7 42. Qc2 Qf6 43. Qe2 Qe7 44. Qd2 Kg7 45. Qd4+ Qf6 46. Qd2 g5 47. Nd4 Kg6 48. Nb3 Qe7 49. Qc2 Qe1+ 50. Kh2 Qe5+ 51. Kh1 Nf4 52. Qd1 Qe4 53. Qf1 Nd3 54. f3 Qe3 0-1

[Event "Early-Titled-Tuesday-Blitz-April-02-2024"]
[Site "Chess.com"]
[Date "2024.04.02"]
[Round "4"]
[White "Batica1984"]
[Black "Antosha_Chekhonte"]
[Result "1-0"]
[WhiteElo "2776"]
[BlackElo "2586"]
[TimeControl "180+1"]
[EndTime "8:39:42 PDT"]
[Termination "Batica1984 won by checkmate"]

1. e4 c6 2. d4 d5 3. e5 c5 4. Nf3 cxd4 5. Nxd4 Nc6 6. Nxc6 bxc6 7. Bd3 e6 8. O-O a5 9. Nd2 Ne7 10. Nf3 Ba6 11.
Bxa6 Rxa6 12. c4 dxc4 13. Bd2 Nd5 14. Rc1 Be7 15. Rxc4 O-O 16. a3 Qb6 17. Qc2 Rb8 18. Bc1 Qb3 19. Rxc6 Rxc6 20. Qxc6 h6 21. h3 Bf8 22.
Re1 Rb7 23. Kh2 Rc7 24. Qa8 a4 25. Bd2 Rc2 26. Nd4 Qxb2 27. Nxc2 Qxc2 28. Be3 Nxe3 29. fxe3 Qb2 30. Qxa4 Bxa3 31. Qf4 Qc2 32. Rf1 Qg6 33.
Ra1 Be7 34. Ra7 Bg5 35. Qf3 h5 36. Ra8+ Kh7 37. Rf8 f6 38. exf6 Bxf6 39. g3 h4 40. g4 Be5+ 41. Kg2 Qc2+ 42. Qf2 Qe4+ 43. Kg1 Bg3 44. Qe2 Qb1+ 45. Rf1 Qe4 46. Rd1 Kg8 47. Rd8+ Kf7 48. Rd7+ Ke8 49. Rd4 Qe5 50. Qd3 Kf7 51.
Rd7+ Kf6 52. Qf1+ Kg6 53. Qd3+ Kh6 54. Rd8 g6 55. Qd4 Qb5 56. Rh8+ Kg5 57. Qd8# 1-0

[Event "Early-Titled-Tuesday-Blitz-April-02-2024"]
[Site "Chess.com"]
[Date "2024.04.02"]
[Round "4"]
[White "pirulillo"]
[Black "Orphanator2009"]
[Result "0-1"]
[WhiteElo "2345"]
[BlackElo "2538"]
[TimeControl "180+1"]
[EndTime "8:39:42 PDT"]
[Termination "Orphanator2009 won by resignation"]

1. e4 c5 2. Nf3 d5 3. exd5 Nf6 4. Nc3 Nxd5 5. Bc4 Be6 6. Bb5+ Bd7 7. Bxd7+ Qxd7 8. O-O Nc6 9. d3 Nxc3 10. bxc3 e6 11. c4 Be7 12. Bb2 O-O 13. Qe2 Rad8 14. Rfe1 Nd4 15.
Bxd4 cxd4 16. Rab1 b6 17. Qe5 Qa4 18. Rb2 Bb4 19.
Reb1 Bc3 20. Qb5 Qa3 21. Rb3 Qxa2 22. Ne5 Qxc2 23. Nc6 Rde8 24. Nxa7 Qxd3 25. Qxb6 Qxc4 26. Nc6 d3 27. Rd1 d2 28. Rbb1 Kh8 29. Na5 Qe2 30.
Nb3 Rb8 31. Qd6 Rfd8 32. Nc5 Qe1+ 33. Rxe1 dxe1=Q+ 34.
Rxe1 Rxd6 35. Rc1 Rc8 36. Ne4 Rd4 37. f3 Rc7 38. Nxc3 Rdc4 39. Rd1 g6 40. Ne4 Kg7 41. Rf1 Rd4 42. Nf2 Rc2 43. h4 Rdd2 44. g4 Rxf2 45. Rxf2 Rxf2 46. Kxf2 Kf6 47. f4 e5 48. Kf3 Ke6 49. Ke4 f5+ 50. gxf5+ gxf5+ 51. Kf3 e4+ 52. Ke3 Kd5 53. Kd2 Kd4 54. Ke2 e3 55. Kf3 h5 56. Ke2 Ke4 57. Kf1 Kxf4 0-1

[Event "Early-Titled-Tuesday-Blitz-April-02-2024"]
[Site "Chess.com"]
[Date "2024.04.02"]
[Round "4"]
[White "zano2023"]
[Black "DeArron_Fox"]
[Result "0-1"]
[WhiteElo "2224"]
[BlackElo "2502"]
[TimeControl "180+1"]
[EndTime "8:39:43 PDT"]
[Termination "DeArron_Fox won by resignation"]

1. d4 d5 2. Nf3 Nf6 3. Nbd2 c5 4. e3 Nc6 5. c3 Bg4 6. Qa4 a6 7. Ne5 Bd7 8. Nxd7 Qxd7 9. Nf3 e6 10. Bb5 Rc8 11. Bd3 Bd6 12. O-O O-O 13. Re1 b5 14. Qd1 e5 15. dxe5 Nxe5 16. Nxe5 Bxe5 17. a4 c4 18. Be2 Ne4 19. Bf3 f5 20. Be2 Qc6 21. f3 Nc5 22. axb5 axb5 23. f4 Bf6 24. Bf3 Ne4 25.
Bd2 b4 26. Qc2 b3 27. Qc1 Ra8 28. Bxe4 dxe4 29. Rd1 Rxa1 30. Qxa1 Ra8 31. Qc1 Rd8 32.
Be1 Rd3 33. Bf2 h6 34. h3 Be7 35. Rd2 Bc5 36. Re2 Qd6 37. Re1 Rd2 38. Qa1 Rc2 39.
Rd1 Qc6 40. Qb1 Kh7 41. Qa1 Qb6 42. Re1 Qa7 43. Qxa7 Bxa7 44. Rb1 Bc5 45. Kf1 g5 46.
Ke1 gxf4 47. Bh4 Bxe3 48. g3 f3 49. g4 f4 50. Kf1 Bc1 51. Be1 Bxb2 52. h4 e3 53. g5 hxg5 54. Kg1 g4 0-1

[Event "Early-Titled-Tuesday-Blitz-April-02-2024"]
[Site "Chess.com"]
[Date "2024.04.02"]
[Round "4"]
[White "KuzubovYuriy"]
[Black "blitzking1729"]
[Result "1-0"]
[WhiteElo "2916"]
[BlackElo "2764"]
[TimeControl "180+1"]
[EndTime "8:39:47 PDT"]
[Termination "KuzubovYuriy won by resignation"]

1. d4 d5 2. c4 e6 3. Nc3 Nf6 4. cxd5 exd5 5. Bg5 c6 6. e3 Nbd7 7. Bd3 Be7 8. Qc2 O-O 9. Nf3 Re8 10. Bf4 Nf8 11.
h3 Bd6 12. O-O Bxf4 13. exf4 Ng6 14. f5 Nf4 15. Rfe1 Nxd3 16. Qxd3 Bd7 17. Ne5 Qb6 18.
Re2 Rad8 19. Rae1 Bc8 20. g4 h6 21. Kg2 c5 22. Na4 c4 23. Qe3 Qa5 24. Nc3 b5 25.
a3 Qb6 26. f4 a5 27. g5 Ne4 28. f6 gxf6 29. gxf6 Qxf6 30. Nxd5 Rxd5 31. Qxe4 Red8 32.
Kh2 Rxd4 33. Rg1+ Kh8 34. Qc6 Qxc6 35. Nxc6 Rd2 36. Rgg2 Rxe2 37. Rxe2 Rg8 38. Nxa5 Bf5 39. Nc6 Rc8 40. Nd4 Bd3 41. Re7 c3 42. bxc3 Rxc3 43. Rxf7 Rxa3 44. f5 Ra4 45. Ne6 Ra1 46. f6 b4 47. Rd7 Bc4 48. f7 Rf1 49. f8=Q+ Rxf8 50. Nxf8 b3 51. Rb7 Kg8 52. Ng6 h5 53. Ne5 Bd5 54. Rb6 Kg7 55. h4 Kf8 56. Kg3 Ke7 57.
Kf4 Kd8 58. Ke3 Kc7 59. Rb4 Kd6 60. Kd4 Be6 61. Nc4+ Ke7 62. Rxb3 Kf6 63. Rb5 1-0

[Event "Early-Titled-Tuesday-Blitz-April-02-2024"]
[Site "Chess.com"]
[Date "2024.04.02"]
[Round "4"]
[White "smotherhubbard"]
[Black "vangulio"]
[Result "0-1"]
[WhiteElo "2352"]
[BlackElo "2549"]
[TimeControl "180+1"]
[EndTime "8:39:47 PDT"]
[Termination "vangulio won by resignation"]

1. d4 Nf6 2. c4 g6 3. f3 d5 4. cxd5 Nxd5 5. e4 Nb6 6. Nc3 Bg7 7. Be3 O-O 8. Qd2 Nc6 9. O-O-O Qd6 10. Kb1 Rd8 11.
Nge2 Nc4 12. Qc1 Nxe3 13. Qxe3 Nxd4 14. Nb5 Nxb5 15. Rxd6 Nxd6 16. Nc3 c6 17. h4 Be6 18. h5 b5 19. hxg6 hxg6 20. Ne2 Nc4 21. Qg5 Rd1+ 22.
Kc2 Rd2+ 23. Qxd2 Nxd2 24. Kxd2 Bxb2 25. Kc2 Bg7 26. Nc1 Rd8 27. f4 a5 28. g3 Rd4 29. e5 Bf5+ 30. Bd3 Rc4+ 31. Kd2 Bxd3 32. Nxd3 Ra4 33. Ra1 f6 34. Ke3 fxe5 35. fxe5 Ra3 36. Kd4 c5+ 37. Nxc5 Rxg3 38. Ne4 Rg2 39. a3 Re2 40. Rb1 Ra2 41. Rxb5 Rxa3 42. Rb8+ Kh7 43. Rb7 Bf8 44. Ng5+ Kg7 45. Ne6+ Kf7 46. Ng5+ Kg8 47. Rb8 Ra4+ 48. Ke3 Rb4 49. Ra8 Rb5 50. Ke4 Rb4+ 51.
Ke3 Rb6 52. Rxa5 Bh6 53. Ra8+ Kg7 54. Ke4 Bxg5 55. Kd5 e6+ 56. Kc5 Rb2 57. Kd6 Re2 58. Kxe6 Bf4 59. Ra5 Kh6 60. Kf6 Bxe5+ 61. Rxe5 Rxe5 62.
Kxe5 Kg5 63. Ke4 Kg4 64. Ke3 Kg3 65. Ke4 g5 66. Kf5 g4 67. Ke4 Kf2 68. Kf4 g3 0-1

[Event "Early-Titled-Tuesday-Blitz-April-02-2024"]
[Site "Chess.com"]
[Date "2024.04.02"]
[Round "4"]
[White "JJDAREK"]
[Black "Tonychess32"]
[Result "0-1"]
[WhiteElo "2331"]
[BlackElo "2529"]
[TimeControl "180+1"]
[EndTime "8:39:47 PDT"]
[Termination "Tonychess32 won on time"]

1. c4 b6 2. e4 Bb7 3. Nc3 e6 4.
d4 d6 5. Nf3 Nd7 6. Be2 e5 7.
d5 g6 8. O-O Bg7 9. Bg5 f6 10.
Be3 Ne7 11. Nd2 f5 12. f3 f4 13. Bf2 g5 14. b4 Ng6 15. c5 bxc5 16. bxc5 Nxc5 17.
Bxc5 dxc5 18. Qa4+ Kf7 19. Rab1 Bc8 20. Qc6 Bd7 21.
Qxc5 Qe7 22. Qxe7+ Nxe7 23. Bb5 Bxb5 24. Nxb5 c6 25. Nd6+ Kf6 26. Rb7 Rhd8 27. N2c4 cxd5 28. exd5 Nxd5 29. Re1 Ne3 30. Ne4+ Kg6 31. Nxe3 fxe3 32. Rxe3 Rdb8 33. Reb3 Rxb7 34. Rxb7 a5 35. Nxg5 Kxg5 36. Rxg7+ Kf4 37. Rxh7 Rb8 38. Rh4+ Kf5 39. Ra4 Rb5 40. Kf2 Rc5 41. h4 Kg6 42. g4 Rb5 43. Kg3 Rc5 44. Re4 Rd5 45. h5+ Kf6 46. Kh4 Rd2 47. g5+ Kf5 48.
Kg3 Rxa2 49. g6 Ra1 50. Rg4 Rg1+ 51. Kf2 Rxg4 52. fxg4+ Kf6 53. g5+ Kg7 54. Ke3 a4 55. Ke4 a3 56. Kf5 a2 57. h6+ Kg8 58. Kf6 a1=Q 59. h7+ Kh8 60. g7+ Kxh7 61. Kf7 Qa7+ 0-1

[Event "Early-Titled-Tuesday-Blitz-April-02-2024"]
[Site "Chess.com"]
[Date "2024.04.02"]
[Round "4"]
[White "vovachesss"]
[Black "LiamPutnam2008"]
[Result "1-0"]
[WhiteElo "2824"]
[BlackElo "2922"]
[TimeControl "180+1"]
[EndTime "8:39:48 PDT"]
[Termination "vovachesss won by checkmate"]

1. e4 c5 2. c3 d5 3. exd5 Qxd5 4. d4 g6 5. Nf3 Bg7 6. Na3 cxd4 7. Bc4 Qe4+ 8. Be3 Nh6 9. Nb5 O-O 10. Nbxd4 Ng4 11. Qe2 Nxe3 12. Qxe3 Qxe3+ 13. fxe3 a6 14. a4 b6 15. Ke2 Bb7 16. Rhd1 Rc8 17. Bb3 Nc6 18. Nxc6 Bxc6 19. Bd5 Bf6 20. Bxc6 Rxc6 21. Rd7 Kg7 22. Rb7 Rd8 23. Rd1 Rxd1 24. Kxd1 Rc4 25.
Rxb6 Rxa4 26. Kc2 Ra1 27. c4 Ra5 28. b4 Ra2+ 29. Kd3 e6 30. c5 Ra3+ 31. Ke4 Rc3 32. Ne5 a5 33. Rb7 Bxe5 34. Kxe5 axb4 35. Kd6 Rxe3 36.
Rxb4 Rd3+ 37. Ke7 Rd2 38. Rc4 Ra2 39. c6 Ra7+ 40. Kd6 Ra6 41. Kd7 e5 42. c7 Ra7 43. Kd6 Ra8 44. c8=Q Rxc8 45. Rxc8 e4 46. Ke5 f5 47. Rc7+ Kh6 48. h4 Kh5 49. Kf4 h6 50. Rh7 e3 51. Kxe3 Kxh4 52. Rxh6+ Kg5 53. Rh8 Kg4 54.
Rg8 g5 55. Kd4 f4 56. Ke4 Kh4 57. Kf3 Kh5 58. g3 fxg3 59. Kxg3 Kh6 60. Kg4 Kh7 61.
Rxg5 Kh6 62. Kf5 Kh7 63. Kf6 Kh6 64. Rf5 Kh7 65. Rh5+ Kg8 66. Rh6 Kf8 67. Rh8# 1-0

[Event "Early-Titled-Tuesday-Blitz-April-02-2024"]
[Site "Chess.com"]
[Date "2024.04.02"]
[Round "4"]
[White "rezamahdavi2008"]
[Black "Shuvalov"]
[Result "1-0"]
[WhiteElo "2896"]
[BlackElo "2608"]
[TimeControl "180+1"]
[EndTime "8:39:48 PDT"]
[Termination "rezamahdavi2008 won by resignation"]

1. e4 e6 2. d4 d5 3. Nc3 Bb4 4. e5 c5 5. a3 Bxc3+ 6. bxc3 Ne7 7. Qg4 Qc7 8. Bd3 c4 9. Be2 Qa5 10. Bd2 Nf5 11. h4 Nc6 12. h5 h6 13. Nf3 Qa4 14.
Bd1 Bd7 15. Nh4 Rg8 16. Qf3 O-O-O 17. Nxf5 exf5 18. Qxd5 Be6 19. Qf3 Ne7 20. Qg3 g6 21. hxg6 Rxg6 22. Qh4 Nd5 23. g3 Rdg8 24. Ra2 Qb5 25.
Ra1 Qb2 26. Rc1 Nxc3 27. Bf3 Nd5 28. c3 Rg4 29. Qxh6 Re4+ 30. Bxe4 fxe4 31. Rh4 e3 32. fxe3 Kd7 33. Qh7 Rxg3 34. Qc2 Qxa3 35. Kf2 Rg8 36. Rb1 b6 37. e4 Ne7 38. Qb2 Qa4 39. Qb5+ Qxb5 40.
Rxb5 Ng6 41. Rh6 Kc7 42. Rh7 Rf8 43. d5 Bd7 44. Rb4 Nxe5 45. Bf4 Kd6 46. Ke3 f6 47. Rh6 b5 48. Kd4 Ke7 49. Bxe5 fxe5+ 50. Kxe5 a5 51. Rb1 Rf3 52. Rg1 Kd8 53. Rg7 b4 54. Rh8+ Kc7 55. Rhh7 bxc3 56. Rxd7+ Kb6 57. Rd6+ Kb5 58. Rb7+ Ka4 59.
Rc6 c2 60. Rxc4+ Ka3 61. Rxc2 Rb3 62. Rxb3+ Kxb3 63. Rc8 a4 64. Ra8 1-0

[Event "Early-Titled-Tuesday-Blitz-April-02-2024"]
[Site "Chess.com"]
[Date "2024.04.02"]
[Round "4"]
[White "Zq1"]
[Black "temus_galaktionov"]
[Result "1/2-1/2"]
[WhiteElo "2612"]
[BlackElo "2844"]
[TimeControl "180+1"]
[EndTime "8:39:48 PDT"]
[Termination "Game drawn by repetition"]

1. d4 c6 2. Bf4 g6 3. e3 d6 4.
c4 Bg7 5. Nc3 Nd7 6. h3 e5 7.
dxe5 dxe5 8. Bg3 Ngf6 9. Nf3 Qe7 10. Be2 O-O 11. O-O Re8 12. a3 a5 13. Rb1 Nh5 14. Bh2 f5 15. b4 axb4 16. axb4 Nhf6 17. c5 h6 18. Nd2 b6 19. cxb6 Nxb6 20. Nc4 Nxc4 21.
Bxc4+ Kh7 22. Qb3 Rb8 23. Rfc1 Bd7 24. Na4 Ne4 25. Rb2 Red8 26. Bd3 Be6 27. Qa3 Bd5 28. Bxe4 Bxe4 29. Nc5 Bd5 30. Rbc2 Ra8 31. Qc3 e4 32.
Qe1 Ra3 33. Bg3 Rda8 34. h4 Ra1 35. Rxa1 Rxa1 36. Rc1 Ra2 37. Qd1 Rb2 38. Rb1 Rxb1 39.
Qxb1 Qa7 40. Nb3 Bc3 41. Bd6 Qa4 42. Nd4 Kg7 43. b5 cxb5 44. Qxb5 Qxb5 45. Nxb5 Bf6 46. g3 Bc4 47. Nd4 Kf7 48. Bb4 Bd8 49. Kg2 Bd3 50.
Bc3 Bc7 51. Nc6 Ke6 52. Nb4 Bb5 53. Nc2 Bd7 54. Bg7 h5 55. Bc3 Kd5 56. Bf6 Kc4 57.
Nd4 Kd3 58. Bg5 Be5 59. Bf4 Bf6 60. Bg5 Bg7 61. Bf4 Kd2 62. Bg5 Ke1 63. Bf4 Kd2 64. Bg5 Kd3 65. Bf4 Bc8 66. Bg5 Bd7 1/2-1/2

[Event "Early-Titled-Tuesday-Blitz-April-02-2024"]
[Site "Chess.com"]
[Date "2024.04.02"]
[Round "4"]
[White "sathvikadiga"]
[Black "Rutricks"]
[Result "0-1"]
[WhiteElo "2553"]
[BlackElo "2709"]
[TimeControl "180+1"]
[EndTime "8:39:49 PDT"]
[Termination "Rutricks won by checkmate"]

1. e4 g6 2. d4 Nf6 3. Nc3 d6 4. Nf3 Bg7 5. h3 a6 6. a4 Nc6 7.
Be3 O-O 8. Be2 e5 9. O-O exd4 10.
Nxd4 Re8 11. Bd3 Ne5 12. f4 Nxd3 13. cxd3 c5 14. Nf3 Bd7 15. Qc2 Bc6 16. Rad1 b5 17. Bc1 Qd7 18. Ne2 bxa4 19. Nc3 Rab8 20. Rfe1 h6 21.
d4 cxd4 22. Nxd4 Rec8 23. Qf2 Qb7 24. e5 dxe5 25. fxe5 Nd5 26. Nxc6 Nxc3 27. bxc3 Qxc6 28. Rf1 Rb7 29. Qf3 Qxf3 30. Rxf3 Rb1 31. Rdf1 Bxe5 32. Bxh6 Rxf1+ 33. Kxf1 Rxc3 34. Rf2 a3 35. Ra2 Rb3 36. Bd2 Rb2 37. Rxa3 Rxd2 38. Rxa6 Bd4 39. g4 Rf2+ 40. Ke1 Rh2 41. Ra3 Bc5 42. Rf3 Kg7 43. Kf1 f6 44. Rc3 Bd4 45. Rf3 Kh6 46. Rd3 Be5 47.
Kg1 Rb2 48. Rf3 Kg5 49. Rd3 Kh4 50. Rf3 Rc2 51. Kh1 Rc3 52. Kg2 Rxf3 53. Kxf3 Kxh3 54. Ke4 Kxg4 55. Kd5 Kf3 56. Ke6 g5 57. Kf7 g4 58. Ke6 g3 59. Kf5 g2 60. Ke6 g1=Q 61. Kf5 Qg4# 0-1

[Event "Early-Titled-Tuesday-Blitz-April-02-2024"]
[Site "Chess.com"]
[Date "2024.04.02"]
[Round "4"]
[White "MarcoRiehle"]
[Black "maximnovik"]
[Result "1/2-1/2"]
[WhiteElo "2775"]
[BlackElo "2595"]
[TimeControl "180+1"]
[EndTime "8:39:51 PDT"]
[Termination "Game drawn by repetition"]

1. e4 c6 2. c4 d5 3. cxd5 cxd5 4. exd5 Nf6 5. Nc3 Nxd5 6. Nf3 Nxc3 7. dxc3 Qxd1+ 8.
Kxd1 Nc6 9. a4 Bf5 10. Bb5 O-O-O+ 11. Ke2 e5 12. Be3 f6 13. Rhd1 Be7 14. Bxc6 bxc6 15. Bxa7 c5 16. Bb6 Rxd1 17. Rxd1 Kb7 18. a5 Kc6 19. h3 h5 20. Ne1 h4 21. Nd3 c4 22.
Ne1 g5 23. Be3 Rb8 24. Rd2 Bb1 25. a6 f5 26. f3 f4 27. Bf2 Ra8 28. a7 Bc5 29.
Nc2 Bxc2 30. Rxc2 Rxa7 31. Bxc5 Kxc5 32. Kf2 Rd7 33. Re2 Rd5 34. Ke1 Kd6 35. Re4 Rb5 36. Rxc4 Rxb2 37. Kf1 Kd5 38. Rc8 Rc2 39. Rg8 Rxc3 40.
Rxg5 Kd4 41. Kf2 Rc2+ 42. Kg1 e4 43. Rf5 e3 44. Rxf4+ Kd3 45. Rxh4 Rc1+ 46. Kh2 e2 47. Re4 e1=Q 48. Rxe1 Rxe1 49. Kg3 Kd4 50. Kf4 Kd5 51.
Kf5 Kd6 52. g4 Ke7 53. h4 Kf7 54. h5 Ra1 55. f4 Ra5+ 56. Ke4 Ke6 57. h6 Ra4+ 58.
Kf3 Kf6 59. g5+ Kg6 60. Kg4 Rb4 61. Kg3 Kf5 62. Kh3 Rb3+ 63. Kg2 Kg6 64. Kf2 Kf5 65.
Kg2 Ra3 66. Kh2 Kg6 67. Kg2 Kh5 68. Kf2 Kg6 69. Kg2 Rb3 70. Kf2 Ra3 71. Kg2 1/2-1/2

[Event "Early-Titled-Tuesday-Blitz-April-02-2024"]
[Site "Chess.com"]
[Date "2024.04.02"]
[Round "4"]
[White "RedFirePanda"]
[Black "madmax011"]
[Result "0-1"]
[WhiteElo "2523"]
[BlackElo "2376"]
[TimeControl "180+1"]
[EndTime "8:39:51 PDT"]
[Termination "madmax011 won on time"]

1. d4 Nf6 2. Bf4 g6 3. e3 Bg7 4. h3 O-O 5. Nf3 d6 6. c3 c5 7. Nbd2 Nc6 8. Be2 Re8 9. O-O e5 10. dxe5 dxe5 11. Bh2 e4 12. Ne1 Ne5 13. Nc4 Nxc4 14.
Bxc4 Be6 15. Qb3 Bxc4 16. Qxc4 Qb6 17. Rb1 Rad8 18. Nc2 Rd2 19. Rfc1 Red8 20. b4 cxb4 21. Nxb4 Qa5 22. Nc2 Qf5 23. Qf1 Nd5 24. Nd4 Qd7 25. a3 Ra2 26. Rb3 b6 27. Rcb1 Rc8 28. c4 Bxd4 29. exd4 Ne7 30. d5 Qf5 31. Rc1 Qf6 32.
d6 Nc6 33. Rd1 Ne5 34. d7 Rd8 35. Bxe5 Qxe5 36. Re3 Qe6 37. Re2 Rxe2 38. Qxe2 Rxd7 39. Rxd7 Qxd7 40. Qxe4 Qd1+ 41. Kh2 Qd6+ 42. g3 Qxa3 43. Qe8+ Qf8 44. Qd7 Qa8 45. h4 Qb8 46. Qd4 a5 47.
Qd5 h5 48. Qb5 Kh7 49. c5 a4 50. Qxb6 Qa8 51. c6 a3 52. Qb7 Qa4 53. c7 Qd4 0-1

[Event "Early-Titled-Tuesday-Blitz-April-02-2024"]
[Site "Chess.com"]
[Date "2024.04.02"]
[Round "4"]
[White "MITerryble"]
[Black "Nemegejas"]
[Result "1-0"]
[WhiteElo "2994"]
[BlackElo "2818"]
[TimeControl "180+1"]
[EndTime "8:39:53 PDT"]
[Termination "MITerryble won on time"]

1. d4 Nf6 2. Bg5 d5 3. e3 c5 4.
c3 Nc6 5. Nd2 e6 6. Ngf3 Bd6 7.
Bd3 h6 8. Bh4 O-O 9. O-O b6 10.
Qe2 Bb7 11. e4 Be7 12. e5 Nd7 13. Bxe7 Qxe7 14. a3 f5 15. exf6 Qxf6 16. Bb5 a6 17. Bxc6 Bxc6 18. Rfe1 Rfe8 19. Ne5 Nxe5 20. Qxe5 Qxe5 21.
Rxe5 Bd7 22. Nf3 Rac8 23. Rae1 Rf8 24. R5e3 Rc7 25. h4 Kh7 26. Kh2 a5 27. Kg3 Bc8 28. Rd1 Bd7 29. Ne5 Ba4 30. Rd2 Rb8 31. Rf3 Kg8 32.
Re3 Kh7 33. h5 Be8 34. Kh4 b5 35. dxc5 b4 36. axb4 axb4 37. Nd3 bxc3 38. bxc3 Bd7 39. Rc2 Rb3 40. f3 Bb5 41. Nf4 Bd7 42. Nd3 Bc8 43. g4 Kg8 44. Kg3 Kf8 45. Kf2 Ke7 46. Rc1 Kf6 47. f4 Ba6 48. Ne5 Bb5 49. c4 dxc4 50. c6 Ke7 51. Rec3 Ba6 52. Ke3 Kd6 53. Kd4 Rb4 54.
Rd1 Bb5 55. Ke4+ Ke7 56. g5 Bxc6+ 57. Kd4 Bd5 58. Ra1 1-0

[Event "Early-Titled-Tuesday-Blitz-April-02-2024"]
[Site "Chess.com"]
[Date "2024.04.02"]
[Round "4"]
[White "KnightmareJoker"]
[Black "DanylaBagrov"]
[Result "1-0"]
[WhiteElo "2331"]
[BlackElo "2508"]
[TimeControl "180+1"]
[EndTime "8:39:53 PDT"]
[Termination "KnightmareJoker won by resignation"]

1. e4 d6 2. d4 c6 3. Nc3 Nf6 4. f4 d5 5. e5 Ne4 6. Nxe4 dxe4 7. Bc4 h5 8. Ne2 Bf5 9. Ng3 e6 10. c3 h4 11. Nxf5 exf5 12. Be3 Nd7 13. Qb3 Qe7 14. Qxb7 Rb8 15. Qxc6 Rh6 16. e6 fxe6 17. O-O-O e5 18.
Qa4 exd4 19. Rxd4 Rd6 20. Rxd6 Qxd6 21. Rd1 Qc7 22. Be6 Bd6 23. Bxd7+ Qxd7 24. Qxd7+ Kxd7 25. Bc5 Rb6 26. Bxb6 axb6 27. g3 Kc6 28. Kd2 Be7 29. Ke2 g5 30. Rd4 gxf4 31. gxf4 Bd6 32. Rc4+ Kd5 33.
Rc8 Bxf4 34. Rd8+ Ke6 35. h3 Bg3 36. Rh8 f4 37. Rh5 f3+ 38. Ke3 Bf4+ 39. Kf2 Bd6 40. Rxh4 Bc5+ 41. Kg3 Kf5 42. Rh5+ Kf6 43. Rh6+ Kf5 44.
Rh5+ Kf6 45. Rd5 Be3 46. Rd6+ Ke5 47. Rd8 Bd2 48. Rxd2 e3 49. Rd3 Ke4 50. Rd8 e2 51. Re8+ Kd3 52. Kxf3 e1=Q 53. Rxe1 1-0

[Event "Early-Titled-Tuesday-Blitz-April-02-2024"]
[Site "Chess.com"]
[Date "2024.04.02"]
[Round "4"]
[White "alexrustemov"]
[Black "ketster"]
[Result "1-0"]
[WhiteElo "2893"]
[BlackElo "2606"]
[TimeControl "180+1"]
[EndTime "8:39:54 PDT"]
[Termination "alexrustemov won on time"]

1. d4 d5 2. c4 e6 3. Nc3 Nf6 4. Nf3 dxc4 5. e4 b5 6. e5 Nd5 7.
Nxb5 Nb6 8. a3 Nc6 9. Be3 Na5 10. Qc2 Bb7 11. Be2 Qd7 12. Nc3 f5 13. exf6 gxf6 14. Ne4 Be7 15. Nc5 Bxc5 16. dxc5 Nd5 17. Bd2 Nb3 18. Rd1 Nxc5 19. Qxc4 Na4 20. Qc2 Nab6 21.
O-O O-O 22. b4 Kh8 23. g3 Qg7 24. Nh4 Rad8 25. Bf3 Nd7 26. Bg2 Ne5 27. Rfe1 Rfe8 28. Bc1 Ba6 29. Bb2 Nc4 30. Bc1 Ne5 31. h3 Kg8 32.
Kh2 Bb7 33. Bb2 Ng6 34. Nxg6 Qxg6 35. Qxg6+ hxg6 36. Bxd5 Rxd5 37. Rxd5 Bxd5 38. Bxf6 Rf8 39. Bd4 Rf3 40. Be3 a6 41. g4 Rf7 42. Rc1 Rd7 43.
Bf4 c6 44. Kg3 Be4 45. Be3 Kf7 46. Kf4 Bg2 47. h4 Bd5 48. h5 gxh5 49. gxh5 Kg7 50. Ke5 Rf7 51. h6+ Kh7 52. Kd6 Rf5 53. Rg1 Rf7 54.
a4 Rb7 55. Kc5 Rc7 56. Kb6 Rf7 57. Kxa6 Bc4+ 58. Kb6 Bb3 59. a5 Ba4 60. Rg7+ Rxg7 61. hxg7 Kxg7 62. a6 1-0